Map: Neon Violet Square LE

Players

Probe

  • Race: Protoss Protoss
  • Spawn Location: 11:00

Bly - Winner!

  • Race: Zerg Zerg
  • Spawn Location: 5:00

Event: IEM Season 12 - PyeongChang

VOD

Have the link to the VOD?

Description

Time

  • Played on: Feb. 5, 2018, 3:41 a.m.
  • Length: 12:31

All games in this series

Show
View Real Time Build Order
Export as new Build Order

Probe Protoss 

Build Orders: 1 Gate Expand, Oracle Opening, Phoenix Opening, Colossus Rush 

Get SALT Encoding   

  12  0:00  Probe  
  13  0:12  Probe  
  14  0:19  Pylon  
  14  0:24  Probe  
  15  0:37  Probe (Chrono Boost)  
  15  0:42  Gateway  
  16  0:46  Probe (Chrono Boost)  
  17  0:50  Assimilator  
  17  0:51  Probe (Chrono Boost)  
  18  1:03  Probe  
  19  1:15  Probe  
  20  1:27  Nexus  
  20  1:37  Cybernetics Core  
  20  1:41  Probe  
  20  1:45  Assimilator  
  21  1:53  Probe  
  22  1:57  Pylon  
  22  2:05  Probe (Chrono Boost)  
  22  2:06  Adept  
  23  2:14  Warp Gate  
  25  2:17  Probe (Chrono Boost)  
  26  2:25  Probe (Chrono Boost)  
  27  2:31  Probe  
  27  2:32  Adept  
  30  2:37  Stargate  
  30  2:39  Probe  
  30  2:43  Probe  
  32  2:51  Probe  
  32  2:55  Probe  
  34  3:03  Probe  
  35  3:08  Probe  
  36  3:15  Gateway  
  36  3:16  Probe  
  36  3:18  Gateway  
  37  3:20  Probe  
  37  3:21  Phoenix (Chrono Boost)  
  40  3:28  Probe  
  40  3:32  Probe  
  42  3:38  Pylon  
  43  3:44  Probe  
  43  3:46  Oracle (Chrono Boost)  
  46  3:51  Assimilator  
  46  3:52  Assimilator, Pylon  
  46  3:56  Probe x2  
  48  4:07  Robotics Facility  
  48  4:08  Probe x2  
  50  4:14  Oracle (Chrono Boost)  
  53  4:20  Pylon, Probe x2  
  55  4:33  Adept, Probe x2  
  59  4:45  Nexus, Probe x2  
  61  4:46  Pylon  
  61  4:54  Observer  
  61  4:57  Probe x2, Robotics Bay  
  64  5:05  Sentry  
  66  5:09  Probe x2  
  70  5:21  Adept x2, Probe x2  
  72  5:32  Pylon  
  72  5:33  Probe x2  
  74  5:42  Twilight Council  
  74  5:43  Forge  
  74  5:45  Gateway, Probe x2  
  74  5:46  Colossus (Chrono Boost)  
  79  5:57  Probe x2  
  79  6:01  Probe  
  79  6:02  Extended Thermal Lance  
  82  6:05  Robotics Facility  
  82  6:09  Probe x2  
  84  6:13  Sentry, Probe  
  84  6:14  Assimilator x2, Protoss Ground Weapons Level 1 (Chrono Boost), Blink (Chrono Boost)  
  87  6:21  Probe  
  88  6:27  Gateway  
  88  6:28  Gateway, Probe x2  
  90  6:34  Pylon  
  90  6:35  Pylon  
  90  6:40  Colossus (Chrono Boost)  
  90  6:44  Pylon  
  90  6:46  Pylon  
  96  6:54  Shield Battery x2, Probe  
  97  6:57  Pylon  
  103  7:03  Colossus (Chrono Boost)  
  103  7:04  Probe x2  
  105  7:12  Sentry, Zealot x2  
  105  7:13  Zealot  
  113  7:22  Photon Cannon  
  113  7:23  Photon Cannon  
  113  7:24  Pylon  
  113  7:27  Colossus  
  119  7:37  Gateway  
  119  7:40  Photon Cannon  
  119  7:41  Pylon  
  119  7:45  Photon Cannon  
  119  7:48  Pylon  
  119  7:50  Warp Prism  
  121  7:55  Gateway  
  121  7:58  Gateway  
  121  8:00  Templar Archives  
  121  8:06  Stalker  
  121  8:07  Stalker x2  
  127  8:19  Protoss Ground Weapons Level 2  
  127  8:27  Colossus x2, Charge (Chrono Boost)  
  139  8:43  High Templar x2  
  139  8:47  Nexus  
  143  8:49  Pylon  
  143  8:50  Pylon  
  143  8:51  Pylon, Archon  
  143  8:56  Sentry x2  
  143  8:57  Stalker x3  
  153  9:17  Stalker x2  
  157  9:21  Stalker x5  
  167  9:33  Stalker  
  167  9:34  Stalker  
  171  9:40  Stalker x2  
  171  9:41  Photon Cannon  
  171  9:45  Photon Cannon  
  158  9:47  High Templar x2  
  158  9:51  Archon  
  157  9:56  Stalker x2  
  150  10:09  Stalker x2  
  150  10:10  Probe x2  
  153  10:15  Probe  
  153  10:19  Probe  
  153  10:22  Probe x2  
  153  10:27  Probe  
  134  10:41  Stalker x4  
  127  10:50  Stalker x2  
  127  10:52  Probe  
  126  11:01  Stalker  
  126  11:02  Stalker  
  124  11:05  Probe  
  124  11:06  Probe x2  
  125  11:14  Stalker  
  125  11:16  Stalker  
  120  11:23  Probe x2 (Chrono Boost)  
  113  11:27  Stalker  
  113  11:29  Probe (Chrono Boost)  
  107  11:36  Probe (Chrono Boost)  
  107  11:39  High Templar  
  107  11:41  High Templar  
  94  12:01  Probe x2 (Chrono Boost)  
  88  12:06  Probe x2 (Chrono Boost)  
  85  12:12  Probe x2 (Chrono Boost)  
  86  12:15  Probe (Chrono Boost)  
Show
View Real Time Build Order
Export as new Build Order

Bly Zerg - Winner!

Build Orders: Hatch First, Lurkers 

Get SALT Encoding   

  12  0:01  Drone  
  13  0:12  Overlord  
  13  0:18  Drone  
  14  0:31  Drone x2  
  14  0:34  Drone  
  17  0:52  Hatchery  
  17  0:57  Drone  
  17  0:58  Drone  
  17  1:01  Extractor  
  17  1:14  Spawning Pool  
  17  1:17  Drone  
  17  1:21  Drone  
  18  1:30  Drone  
  19  1:41  Overlord  
  19  1:51  Drone  
  20  2:02  Queen, Drone  
  20  2:04  Queen  
  20  2:05  Zergling x2  
  26  2:09  Metabolic Boost  
  26  2:13  Drone  
  27  2:16  Drone  
  27  2:22  Drone  
  29  2:29  Drone  
  30  2:33  Drone  
  31  2:43  Hatchery  
  30  2:48  Overlord  
  30  2:51  Queen  
  30  2:55  Drone x2  
  34  2:59  Drone  
  34  3:03  Drone  
  36  3:09  Drone x2  
  38  3:13  Drone x2  
  38  3:14  Drone  
  41  3:22  Overlord x2  
  41  3:33  Lair  
  41  3:34  Overlord  
  41  3:37  Drone  
  41  3:38  Spore Crawler  
  41  3:41  Drone  
  41  3:48  Drone x2  
  41  3:49  Drone x2  
  41  3:54  Drone x2  
  41  3:55  Drone  
  49  3:59  Overlord  
  49  4:00  Queen  
  50  4:04  Drone x2  
  50  4:07  Queen  
  54  4:11  Drone x3  
  54  4:15  Extractor  
  56  4:22  Drone x2  
  56  4:23  Drone x2  
  60  4:25  Overlord  
  60  4:26  Extractor  
  60  4:30  Zergling x10  
  64  4:35  Hydralisk Den  
  63  4:44  Drone x2  
  63  4:45  Drone x4  
  69  4:50  Drone x2  
  71  4:54  Overlord, Extractor  
  71  4:56  Drone  
  71  4:58  Overlord  
  71  5:01  Overlord  
  71  5:02  Drone  
  71  5:03  Drone  
  71  5:06  Overlord, Muscular Augments  
  73  5:08  Extractor  
  73  5:10  Overlord  
  72  5:19  Hatchery  
  66  5:30  Drone x12  
  77  5:37  Extractor  
  77  5:38  Spore Crawler  
  77  5:39  Spore Crawler x2  
  73  5:49  Drone x3  
  76  5:55  Lurker Den  
  75  6:06  Hydralisk x6  
  75  6:07  Hydralisk x2  
  91  6:12  Drone x3  
  94  6:23  Extractor  
  94  6:24  Drone x5  
  97  6:29  Extractor  
  96  6:33  Overseer  
  96  6:34  Hatchery  
  95  6:40  Grooved Spines  
  95  6:41  Zergling x2  
  95  6:42  Zergling x10  
  95  6:46  Spore Crawler  
  100  6:47  Drone x3  
  100  6:53  Spire  
  100  7:15  Hydralisk x5  
  100  7:16  Overlord x2  
  110  7:38  Lurker x2  
  110  7:39  Lurker  
  110  7:40  Overlord, Lurker x5  
  110  7:41  Overlord x2  
  110  7:42  Drone x5  
  110  7:43  Drone x2  
  110  7:44  Drone x4  
  128  7:48  Drone x2  
  128  7:49  Evolution Chamber  
  128  7:50  Evolution Chamber  
  129  7:51  Extractor  
  129  7:54  Extractor  
  119  8:27  Zerg Missile Weapons Level 1, Zerg Melee Weapons Level 1  
  119  8:30  Overlord  
  119  8:35  Mutalisk x13  
  119  8:36  Mutalisk x3  
  119  8:41  Zerg Flyer Weapons Level 1  
  151  8:47  Spore Crawler x2  
  149  8:49  Spine Crawler  
  149  8:50  Spine Crawler  
  149  8:51  Spine Crawler  
  146  8:58  Overseer  
  146  9:00  Hydralisk x4  
  147  9:05  Hydralisk  
  143  9:10  Hydralisk  
  143  9:11  Zergling x10  
  147  9:19  Zergling x2  
  147  9:20  Zergling x2  
  147  9:21  Lurker  
  147  9:22  Lurker x4  
  152  9:28  Lurker  
  152  9:29  Lurker x3  
  154  9:38  Spore Crawler x3  
  152  9:42  Mutalisk  
  152  9:43  Mutalisk x3  
  159  10:02  Lurker  
  159  10:04  Hydralisk x2  
  159  10:05  Hydralisk  
  158  10:17  Spore Crawler  
  153  10:22  Spore Crawler  
  153  10:24  Spore Crawler x2  
  153  10:27  Spore Crawler  
  136  10:38  Mutalisk  
  136  10:39  Mutalisk x10  
  149  10:45  Hydralisk  
  139  11:03  Hydralisk x5  
  132  11:14  Hydralisk x2  
  132  11:15  Hydralisk  
  132  11:16  Lurker  
  138  11:25  Mutalisk x2  
  139  11:37  Mutalisk x3  
  143  11:54  Lurker x3  
  128  12:06  Mutalisk  
  128  12:07  Mutalisk x3  

Tags
 
Add a new tag
Caveats
  • Supply blocks, unpowered buildings, or Contaminate may cause inaccurate times.
  • Supply counts are checked every 10 seconds.